 Dungeon Crawl Stone Soup version 0.30-a0-585-g93115170b9 (webtiles) character file.

Game seed: 8208797328328653929

455 drugrobin the Slasher (level 6, 0/52 HPs)
             Began as a Demigod Delver on Jan 2, 2023.
             Slain by an ogre
             ... wielding a +0 giant spiked club
              (17 damage)
             ... on level 4 of the Dungeon.
             The game lasted 00:12:32 (5011 turns).

drugrobin the Slasher (Demigod Delver)              Turns: 5011, Time: 00:12:32

Health: 0/52       AC:  9    Str: 13    XL:     6   Next: 47%
Magic:  12/12      EV:  9    Int: 12    God:
Gold:   233        SH:  0    Dex: 23    Spells: 7/9 levels left

rFire   . . .      SeeInvis .    a - +2 short sword (speed)
rCold   . . .      Faith    .    (no shield)
rNeg    . . .      Spirit   .    u - +3 scale mail
rPois   .          Reflect  .    (no helmet)
rElec   .          Harm     .    (no cloak)
rCorr   .          Rampage  .    (no gloves)
Will    .....                    (no boots)
Stlth   ++                       (no amulet)
HPRegen 0.28/turn                (no ring)
MPRegen 0.13/turn                (no ring)

@: no status effects
A: high MP 1, forlorn, divine attributes
a: no special abilities


You were on level 4 of the Dungeon.
You visited 1 branch of the dungeon, and saw 5 of its levels.

You collected 233 gold pieces.

Inventory:

Hand Weapons
 a - a +2 short sword of speed (weapon)
 b - a +2 dagger of protection
 c - a +0 sling
 y - a +0 falchion
Missiles
 x - 4 poisoned darts (quivered)
Armour
 u - a +3 scale mail (worn)
 z - a +1 scale mail of fire resistance
 D - a +1 chain mail of positive energy
Magical Staves
 o - a staff of earth
Wands
 g - a wand of digging (3)
Scrolls
 d - a scroll of magic mapping
 i - 5 scrolls of identify {unknown}
 j - a scroll of vulnerability {unknown}
 k - 2 scrolls of torment {unknown}
 m - 3 scrolls of amnesia {unknown}
 r - a scroll of fear
 t - a scroll of enchant armour {unknown}
 v - a scroll of butterflies {unknown}
 B - a scroll of poison {unknown}
 E - a scroll of teleportation {unknown}
 F - a scroll of silence {unknown}
 G - 2 scrolls of fog
Potions
 e - 2 potions of might {unknown}
 f - 2 potions of haste
 h - 2 potions of heal wounds {unknown}
 l - a potion of cancellation {unknown}
 n - a potion of mutation {unknown}
 p - a potion of brilliance {unknown}
 q - a potion of berserk rage {unknown}
 s - a potion of attraction {unknown}
 w - a potion of flight {unknown}
 A - 2 potions of lignification {unknown}
 C - a potion of curing {unknown}


   Skills:
 + Level 4.0 Fighting
 - Level 5.2 Long Blades
 - Level 1.7 Dodging
 - Level 4.5 Stealth
 + Level 2.3 Spellcasting


You had 7 spell levels left.
You knew the following spells:

 Your Spells              Type           Power      Damage    Failure   Level
a - Momentum Strike       Conj/Tloc      2%         3d8       89%         2

Your spell library contained the following spells:

 Spells                   Type           Power      Damage    Failure   Level
 Blink                    Tloc           2%         N/A       89%         2
 Lesser Beckoning         Tloc           2%         N/A       98%         3


Dungeon Overview and Level Annotations

Branches:
Dungeon (5/15)
 Temple: D:4-7

Annotations:
D:4 exclusion: ogre


Innate Abilities, Weirdness & Mutations

You have an increased reservoir of magic. (+10% MP)
You shall have no god before yourself.
Your divine heritage dramatically boosts your attributes as you level up.


Message History

The ogre looks even sicker.
The ogre is moderately wounded.
Unknown command.
The ogre attacks as you move away!
The ogre hits you with a +0 giant spiked club!!
Ouch! That really hurt!
There is an open door here.
Unknown command.
Unknown command.
The ogre attacks as you move away!
The ogre hits you with a +0 giant spiked club!!
* * * LOW HITPOINT WARNING * * *
Unknown command.
Unknown command.
The ogre looks more healthy.
There is a stone staircase leading up here.
Okay, then.
Unknown command.
Throw: 6 darts (poison)
Press: ? - help, Q - select action Shift-Dir - straight line, f/p - ogre
Aim: an ogre, wielding a +0 giant spiked club (severely wounded, 78% to hit)
You throw a poisoned dart. The poisoned dart hits the ogre.
The ogre is poisoned.
The ogre is severely wounded.
Unknown command.
Throw: 5 darts (poison)
Press: ? - help, Q - select action Shift-Dir - straight line, f/p - ogre
Aim: an ogre, wielding a +0 giant spiked club (almost dead, poisoned, 78% to hit)
You throw a poisoned dart. The poisoned dart hits the ogre.
The ogre looks even sicker.
The ogre is almost dead.
Unknown command.
Unknown command.
Unknown command.
Unknown command.
Unknown command.
You hit the ogre.
The ogre is almost dead.
The ogre hits you with a +0 giant spiked club!
You die...

..#######O#.#.#.#.#.#.#.#.#.#.#..
..# #.#.#.#.#.#.#.#.#.#.#.##.#
### ##.#.#.#.#.#.#.#.#.#.#....
#######.#.##.###.######.#
#.#..#.#...........
###############.(..#.#.#.######.#
.....................#>#.# #.#
################O#.#.....# #.#
.............# #@..#>#.### #.#
###########.########.#.# #.# ..#
#.#........#.# #.# #.#
#.#+##.#.<.#.# #.#
#.#########.'_'..#...#.# #.#
#...........#'##...#.#.# #.#
###########.#.####.#.#.# #.#
............)......#.#.# #.#
####################.#.# #.#


You could see an ogre (very poisoned).

Vanquished Creatures
  An ogre (D:4)
  A scorpion (D:4)
  An iguana (D:4)
  Terence (D:2)
  2 orc wizards (D:4)
  4 gnolls (D:3)
  10 adders
  2 worms
  4 dart slugs (D:3)
  6 orcs
  3 bats
  5 endoplasms
  7 giant cockroaches
  4 goblins
  6 hobgoblins
  2 quokkas
  5 ball pythons
  A frilled lizard (D:1)
  7 kobolds
  7 rats
79 creatures vanquished.

Notes
Turn   | Place    | Note
-------+----------+-------------------------------------------
     0 | D:5      | drugrobin the Demigod Delver began the quest for the Orb.
     0 | D:5      | Reached XP level 1. HP: 18/18 MP: 3/3
    19 | D:5      | Noticed an iguana
    97 | D:5      | Noticed an iguana
   105 | D:5      | Noticed a scorpion
   275 | D:3      | Reached skill level 2 in Long Blades
   537 | D:3      | Reached XP level 2. HP: 19/25 MP: 4/4
   826 | D:1      | Reached skill level 3 in Long Blades
  1456 | D:2      | Reached XP level 3. HP: 29/30 MP: 5/5
  1772 | D:2      | Learned a level 2 spell: Momentum Strike
  2101 | D:2      | Reached skill level 4 in Long Blades
  2204 | D:2      | Noticed Terence
  2439 | D:3      | Reached XP level 4. HP: 33/37 MP: 6/6
  2990 | D:3      | Reached skill level 5 in Long Blades
  3018 | D:3      | Reached XP level 5. HP: 34/42 MP: 7/7
  3280 | D:2      | Killed Terence
  3629 | D:4      | Noticed an ogre
  3683 | D:4      | Noticed an ogre
  3843 | D:4      | Killed an ogre
  3844 | D:4      | Reached skill level 1 in Spellcasting
  4152 | D:4      | Reached XP level 6. HP: 51/51 MP: 11/11
  5011 | D:4      | Slain by an ogre

Illustrated notes

Levels and vault maps discovered:
D:1:      dreamdust_arrival_sigmund_warning, layout_loops_ring,
          shapermc_ecumenical_altar_petra, grunt_decor_arrowhead,
          kennysheep_flooded_box
D:2:      minmay_general_purpose_star, layout_loops_ring, uniq_terence
D:3:      minmay_razor_zed, layout_loops_corners, amcnicky_altar_gilded,
          lemuel_tele_altar
D:4:      layout_basic, kennysheep_mini
D:5:      layout_loops_ring, grunt_decor_mini_mirrors, uniq_blork_the_orc

Skill      XL: |  1  2  3  4  5  6 |
---------------+-------------------+-----
Long Blades    | 2 3 4 5 |  5.2
Fighting       | 3 4 |  4.0
Spellcasting   | 1 2 |  2.3
Dodging        | |  1.7
Stealth        | |  4.5

Action                   |  1- 3 |  4- 6 || total
-------------------------+-------+-------++-------
Melee: Falchion          |   118 |    81 ||   199
       Punch             |       |     4 ||     4
       Short sword       |       |   113 ||   113
       Dagger            |       |    17 ||    17
 Fire: Sling             |       |     3 ||     3
Throw: Dart              |       |    30 ||    30
  Use: Scroll            |     2 |       ||     2
 Stab: Sleeping          |     5 |     7 ||    12
       Distracted        |       |     1 ||     1
Armor: Leather armour    |     9 |       ||     9
       Ring mail         |    22 |       ||    22
       Scale mail        |     1 |    74 ||    75
Dodge: Dodged            |    60 |    50 ||   110

Table legend: (Time is in decaauts)
 A = Elapsed time spent in this place.
 B = Non-inter-level travel time spent in this place.
 C = Inter-level travel time spent in this place.
 D = Time resting spent in this place.
 E = Time spent auto-exploring this place.
 F = Levels seen in this place.
 G = Mean time per level.
                   A        B        C        D        E       F      G
               +--------+--------+--------+--------+--------+-----+--------+
         Total |   4973 |   4614 |    359 |     81 |   3048 |   5 |  994.6 |
       Dungeon |   4973 |   4614 |    359 |     81 |   3048 |   5 |  994.6 |
               +--------+--------+--------+--------+--------+-----+--------+

Top non-repeatable levels by time:
     D:3: 1622 daAuts
     D:4: 1328 daAuts
     D:2: 1176 daAuts
     D:1: 733 daAuts
     D:5: 114 daAuts
